 Dungeon Crawl Stone Soup version 0.30-b1-2-g02819fbbbe (webtiles) character file.

Game seed: 9633182172801541450

66 EduPerez2003 the Cudgeller (level 4, -1/40 HPs)
             Began as a Meteoran Cinder Acolyte on Aug 3, 2023.
             Was a High Priest of Ignis.
             Slain by a centaur (6 damage)
             ... on level 4 of the Dungeon.
             The game lasted 00:15:26 (1695 turns).

EduPerez2003 the Cudgeller (MeCA)                   Turns: 1695, Time: 00:15:27

Health: -1/40      AC:  2    Str: 16    XL:     4   Next: 63%
Magic:  8/8        EV: 11    Int: 17    God:    Ignis [*****.]
Gold:   78         SH:  0    Dex:  9    Spells: 8/8 levels left

rFire   + . .        a - -1 mace (flame)
rCold   . . .        (no shield)
rNeg    . . .        (no body armour)
rPois   .            (no helmet)
rElec   .            e - +0 cloak
rCorr   .            l - +0 pair of gloves
SInv    +            (no boots)
Will    .....        (no amulet)
Stlth   +            g - ring of flight
HPRegen 0.26/turn    p - ring of see invisible
MPRegen 0.11/turn

%: no passive effects
@: flying, glowing, studying Fighting
A: sense surroundings 1, otherworldly, glowing, explore regen
a: Renounce Religion, Fiery Armour, Foxfire Swarm, Rising Flame


You were on level 4 of the Dungeon.
You worshipped Ignis.
Ignis was extremely pleased with you.
You visited 1 branch of the dungeon, and saw 4 of its levels.

You collected 78 gold pieces.

Inventory:

Hand Weapons
 a - a -1 mace of flaming (weapon)
 o - a +2 short sword of electrocution
Armour
 b - a +0 robe
 e - a +0 cloak (worn)
 f - a +0 scale mail
 h - a +0 chain mail
 l - a +0 pair of gloves (worn)
Jewellery
 g - a ring of flight (left hand)
 p - a ring of see invisible (right hand)
Scrolls
 d - a scroll of noise {unknown}
 i - a scroll of amnesia {unknown}
 j - a scroll of teleportation {unknown}
 m - a scroll of blinking {unknown}
 q - a scroll of fog {unknown}
 v - a scroll of identify {unknown}
Potions
 c - a potion of might {unknown}
 k - a potion of flight {unknown}
 n - a potion of invisibility {unknown}
 r - a potion of heal wounds {unknown}
 s - a potion of mutation {unknown}
 t - a potion of lignification {unknown}
 u - a potion of haste {unknown}
 w - a potion of cancellation {unknown}


   Skills:
 + Level 3.9 Fighting
 + Level 4.7 Maces & Flails
 + Level 2.5 Spellcasting
 + Level 4.3 Fire Magic


You had 8 spell levels left.
You didn't know any spells.
Your spell library contained the following spells:

 Spells                   Type           Power      Damage    Failure   Level
 Scorch                   Fire           32%        2d6       4%          2
 Blink                    Tloc           4%         N/A       28%         2
 Ozocubu's Armour         Ice            2%         N/A       50%         3
 Manifold Assault         Tloc           2%         N/A       88%         4
 Ozocubu's Refrigeration  Ice            1%         4d7       100%        7
 Storm Form               Tmut/Air       1%         N/A       100%        7


Dungeon Overview and Level Annotations

Branches:
Dungeon (4/15) Zot: 678
 Temple: D:4-7

Altars:

Shops:
D:2 *(


Innate Abilities, Weirdness & Mutations

You passively map a small area around you.
You are easily found by Zot.
You glow in the dark.
You regain HP and MP as you explore.


Message History

You don't know any spells.
You don't know any spells.
This spell is dangerous to cast!
Memorise Blink, consuming 2 spell levels and leaving 6?
Okay, then.
You don't know any spells.
This spell is dangerous to cast!
Memorise Blink, consuming 2 spell levels and leaving 6?
The centaur hits you but does no damage.
Your memorisation is interrupted.
The centaur kicks you but does no damage.
The goblin barely misses you.
You don't know any spells.
You don't know any spells.
You closely miss the goblin.
The centaur hits you but does no damage.
The centaur kicks you but does no damage.
The goblin barely misses you.
The centaur hits you but does no damage.
The centaur kicks you but does no damage.
You barely miss the centaur. The centaur hits you. The centaur kicks you.
The goblin closely misses you. The centaur closely misses you.
The centaur kicks you.
You hit the centaur. You burn the centaur.
The centaur is lightly wounded.
The centaur hits you. The centaur kicks you.
The goblin hits you with a +0 club.
You barely miss the centaur. You punch the centaur.
The centaur is moderately wounded.
The centaur barely misses you.
The centaur kicks you but does no damage.
The goblin hits you with a +0 club. The centaur hits you.
* * * LOW HITPOINT WARNING * * *
The centaur kicks you.
* * * LOW HITPOINT WARNING * * *
The goblin closely misses you.
You hit the centaur. You burn the centaur.
The centaur is severely wounded.
The centaur hits you.
You die...

#.###.##.
########+###.##.
#............##h
####............##.
###..hg...........#..
#..g###.###.#######..
#.###.### ###,** #..
#.g#c# * ,*,#...
#..#@# #... ###g## *
##.. ###** * ### * ,
, ,, , , ,,


You could see a centaur and a goblin.

Vanquished Creatures
  An iguana (D:4)
  2 worms
  A dart slug (D:3)
  2 endoplasms
  A giant cockroach (D:1)
  3 goblins
  5 hobgoblins
  3 kobolds (D:1)
  2 quokkas
  A ball python (D:4)
  3 bats
  2 frilled lizards
  4 rats
30 creatures vanquished.

Vanquished Creatures (others)
  6 plants (D:1)
6 creatures vanquished.

Grand Total: 36 creatures vanquished

Notes
Turn   | Place    | Note
-------+----------+-------------------------------------------
     0 | D:1      | EduPerez2003 the Meteoran Cinder Acolyte began the quest
                  | for the Orb.
     0 | D:1      | Reached XP level 1. HP: 19/19 MP: 3/3
   137 | D:1      | You are sucked into a shaft and drop 1 floor!
   183 | D:1      | Reached XP level 2. HP: 26/26 MP: 3/5
   849 | D:2      | Found Vashoc's Assorted Antiques.
   946 | D:2      | Reached XP level 3. HP: 31/31 MP: 6/6
   953 | D:2      | Found Pogan's Antique Weapon Shoppe.
  1085 | D:2      | Glimpsed the power of Zot.
  1436 | D:4      | Reached XP level 4. HP: 9/40 MP: 8/8
  1578 | D:4      | Noticed a black bear
  1655 | D:4      | Noticed a black bear
  1678 | D:4      | Noticed a centaur
  1695 | D:4      | Slain by a centaur

Illustrated notes

Levels and vault maps discovered:
D:1:      erik_arrival_orb_chamber, layout_basic, serial_forest,
          infiniplex_forest_join, infiniplex_forest_lined_2,
          infiniplex_forest_clump_diagonal, infiniplex_forest_clump_diagonal,
          infiniplex_forest_lined_3, infiniplex_forest_lined_room_3,
          infiniplex_forest_split, infiniplex_forest_straight_4,
          infiniplex_forest_lined_2
D:2:      layout_loops_corners, serial_shops, shop, shop, shop
D:3:      layout_loops_ring, hangedman_feature_mirror, minmay_lizard_king
D:4:      layout_basic, hangedman_abyss_or_decor_passed, grunt_decor_resistance,
          minmay_manual_monolith

Skill      XL: |  1  2  3 |
---------------+----------+-----
Spellcasting   | 2 |  2.5
Fire Magic     | 4 |  4.3
Fighting       | |  3.9
Maces & Flails | |  4.7

Action                     |  1- 3 |  4- 6 || total
---------------------------+-------+-------++-------
  Melee: Mace              |   125 |    32 ||   157
         Punch             |     1 |     1 ||     2
 Armour: Robe              |     1 |       ||     1
         Chain mail        |    67 |    55 ||   122
         Skin              |       |     7 ||     7
  Dodge: Dodged            |    28 |    28 ||    56
